Map: [ESL] Dragon Scales

Players

Lambo

  • Race: Zerg Zerg

ByuN - Winner!

  • Race: Terran Terran

Event: IEM Katowice 2023

VOD

Have the link to the VOD?

Description

Time

  • Played on: Feb. 9, 2023, 11:49 a.m.
  • Length: 16:38

All games in this series

Show
View Real Time Build Order
Export as new Build Order

Lambo Zerg 

Build Orders: Hatch First 

Get SALT Encoding   

  12  0:00  Drone  
  13  0:12  Overlord  
  13  0:16  Drone  
  14  0:30  Drone x2  
  16  0:47  Hatchery  
  15  0:50  Drone  
  15  0:53  Drone  
  15  0:57  Drone  
  18  1:07  Extractor  
  17  1:12  Spawning Pool  
  17  1:15  Drone  
  17  1:18  Drone  
  18  1:27  Drone  
  19  1:38  Drone  
  20  1:48  Drone  
  21  1:58  Queen  
  21  1:59  Queen, Zergling x4  
  27  2:09  Drone  
  27  2:11  Overlord  
  28  2:19  Hatchery  
  28  2:21  Drone  
  28  2:31  Drone  
  28  2:32  Drone x2  
  31  2:37  Queen  
  31  2:42  Overlord  
  33  2:46  Metabolic Boost  
  33  2:49  Drone  
  34  2:55  Drone x2  
  36  3:01  Queen  
  36  3:04  Drone x2  
  40  3:07  Drone  
  40  3:10  Drone  
  40  3:11  Drone  
  43  3:15  Drone  
  44  3:20  Overlord  
  44  3:25  Overlord  
  44  3:30  Queen  
  44  3:31  Queen  
  48  3:38  Drone  
  48  3:39  Drone  
  48  3:40  Queen  
  52  3:42  Drone  
  52  3:44  Drone  
  54  3:49  Drone x3  
  54  3:50  Drone  
  54  3:52  Drone  
  54  3:54  Drone  
  60  3:56  Overlord  
  60  4:01  Drone  
  60  4:02  Drone x2  
  63  4:03  Drone  
  63  4:08  Queen  
  66  4:10  Overlord  
  66  4:15  Drone x2  
  68  4:17  Queen  
  68  4:19  Drone  
  68  4:22  Extractor  
  68  4:23  Baneling Nest  
  69  4:27  Zergling x8  
  69  4:31  Lair  
  73  4:37  Overlord, Zergling x2  
  73  4:38  Zergling x4  
  76  4:41  Overlord  
  76  4:42  Drone x2  
  76  4:43  Drone  
  79  4:51  Zergling x6  
  82  4:53  Overlord  
  82  4:55  Overlord x2  
  79  5:01  Zergling x8  
  79  5:03  Zergling x2  
  80  5:09  Hatchery  
  79  5:17  Drone x3  
  79  5:20  Queen  
  79  5:21  Queen  
  84  5:24  Extractor, Drone x3  
  84  5:25  Baneling x3  
  84  5:26  Baneling x3  
  84  5:27  Zergling x2  
  87  5:32  Centrifugal Hooks  
  87  5:37  Drone x5  
  87  5:39  Evolution Chamber  
  87  5:41  Overlord  
  87  5:42  Zergling x2  
  92  5:44  Zergling x2  
  92  5:45  Zergling x4  
  92  5:48  Zergling x2  
  98  5:57  Zergling x16  
  98  6:00  Baneling x2  
  98  6:03  Baneling x6  
  104  6:04  Overlord  
  104  6:05  Zergling x2  
  104  6:08  Zergling x8  
  109  6:16  Zergling x4  
  103  6:25  Zergling x10  
  97  6:32  Queen x2  
  95  6:35  Evolution Chamber  
  95  6:37  Evolution Chamber  
  95  6:38  Zergling x2  
  95  6:39  Zergling x10  
  99  6:41  Zergling x2  
  99  6:43  Baneling x6  
  99  6:44  Hatchery  
  99  6:45  Queen  
  99  6:47  Zergling x2  
  102  6:48  Baneling  
  102  6:50  Zergling x2  
  102  6:51  Zergling x4  
  105  6:55  Zergling x2  
  105  6:58  Baneling x5  
  105  6:59  Zergling x2  
  105  7:01  Zergling x4, Zerg Ground Armor Level 1  
  107  7:05  Baneling  
  107  7:06  Zergling x14  
  116  7:09  Baneling  
  114  7:16  Zergling x12  
  114  7:23  Zergling x4  
  114  7:27  Zergling x4  
  99  7:31  Zerg Melee Weapons Level 1  
  99  7:32  Queen x2, Zergling x8  
  99  7:35  Baneling x4  
  99  7:36  Zergling x6  
  110  7:40  Zergling x4  
  111  7:46  Drone  
  111  7:51  Zergling x6  
  114  7:54  Baneling x5  
  114  7:58  Zergling x6  
  117  8:01  Overlord  
  117  8:02  Zergling x12  
  117  8:04  Baneling x6  
  123  8:06  Zergling x10  
  123  8:07  Baneling  
  123  8:10  Overlord  
  123  8:12  Zergling x6  
  131  8:18  Zergling x8  
  131  8:19  Baneling x3  
  130  8:22  Zergling x2  
  130  8:23  Zergling x2  
  120  8:29  Zergling x14  
  120  8:33  Drone x5  
  127  8:36  Zergling x6  
  127  8:41  Drone x4  
  134  8:44  Zergling x4  
  134  8:47  Zergling x2  
  134  8:48  Zergling x2  
  136  8:51  Drone  
  136  8:52  Infestation Pit  
  136  8:54  Zergling x4  
  138  8:58  Zergling x4  
  138  8:59  Zergling x2  
  138  9:00  Baneling x6  
  138  9:01  Baneling x3  
  141  9:07  Zergling x12  
  147  9:10  Overlord  
  147  9:11  Overlord  
  147  9:15  Overlord  
  147  9:24  Overlord  
  147  9:25  Zerg Ground Armor Level 2  
  147  9:27  Overlord x2  
  147  9:29  Overlord  
  146  9:32  Overlord  
  146  9:34  Overlord, Baneling x3  
  146  9:36  Baneling  
  146  9:38  Zergling x12  
  151  9:40  Drone x2  
  152  9:49  Drone x7  
  152  9:50  Zergling x10  
  162  9:58  Zergling x14  
  161  10:03  Drone x3, Hive  
  161  10:04  Drone x2  
  161  10:06  Extractor x2  
  159  10:11  Zergling x10  
  159  10:13  Overlord  
  164  10:18  Zergling x10  
  149  10:31  Zergling x18  
  151  10:36  Zergling x10  
  151  10:38  Zergling x6  
  151  10:42  Baneling x2  
  155  10:46  Drone x7  
  155  10:48  Spore Crawler  
  161  10:52  Baneling, Overseer  
  161  10:55  Drone x2  
  163  10:57  Drone x2  
  163  10:59  Baneling  
  163  11:01  Pneumatized Carapace  
  163  11:03  Hatchery  
  164  11:07  Zergling x22  
  174  11:15  Baneling x4, Drone  
  174  11:17  Extractor, Drone  
  175  11:18  Drone x2  
  175  11:21  Baneling  
  175  11:23  Viper x2  
  175  11:24  Zergling x20  
  193  11:26  Overlord  
  193  11:27  Baneling x4  
  193  11:29  Overlord  
  193  11:30  Overlord  
  193  11:31  Zergling x4  
  193  11:34  Zergling x4  
  193  11:36  Zergling x2  
  183  11:41  Zergling x6  
  183  11:43  Adrenal Glands  
  185  11:50  Overseer  
  185  11:55  Extractor  
  185  11:58  Zergling x26  
  191  12:09  Zergling x2  
  191  12:10  Zergling x8  
  191  12:12  Overlord  
  191  12:13  Baneling  
  189  12:17  Zergling x10  
  170  12:30  Zergling x20  
  170  12:39  Zerg Ground Armor Level 3  
  170  12:41  Ultralisk Cavern  
  168  12:45  Zergling x16  
  169  12:52  Zergling x12  
  169  12:57  Zergling x2  
  169  12:58  Zergling x2  
  166  13:00  Overseer  
  152  13:06  Zergling x6  
  152  13:07  Baneling x4  
  152  13:11  Zergling x4  
  150  13:16  Zergling x4  
  152  13:20  Drone  
  152  13:24  Hatchery  
  149  13:27  Zergling x10  
  149  13:31  Drone  
  151  13:38  Drone x3  
  150  13:42  Drone, Spore Crawler  
  150  13:44  Baneling, Spore Crawler  
  150  13:45  Baneling x5  
  149  13:48  Zergling x8  
  149  13:51  Overlord  
  151  13:58  Zergling x12  
  151  14:01  Zergling x2  
  143  14:04  Zergling x4  
  143  14:09  Zergling x6  
  124  14:14  Zergling x8  
  120  14:17  Drone  
  121  14:24  Drone x7  
  121  14:30  Drone x2  
  130  14:35  Drone x3  
  130  14:36  Drone x3, Queen  
  130  14:37  Queen  
  140  14:40  Zergling x4  
  140  14:42  Baneling x3  
  142  14:46  Zergling x2  
  140  14:54  Zergling x2, Spore Crawler  
  140  14:55  Hatchery, Zergling x2  
  140  14:58  Zergling x4  
  142  15:05  Zergling x2  
  142  15:06  Zergling x10  
  147  15:10  Zergling x6  
  147  15:13  Ultralisk Cavern  
  147  15:18  Spore Crawler  
  137  15:21  Drone x4  
  141  15:32  Zergling x8  
  141  15:34  Baneling x5  
  142  15:41  Zergling x10  
  146  15:44  Baneling x4  
  146  15:46  Zergling x2  
  146  15:48  Baneling x8  
  146  15:49  Zergling x2  
  144  15:55  Zergling x6  
  144  15:56  Overlord  
  134  15:57  Zergling x4  
  110  16:05  Zergling x8  
  121  16:18  Zergling x4  
Show
View Real Time Build Order
Export as new Build Order

ByuN Terran - Winner!

Build Orders: Command Center First (CC) 

Get SALT Encoding   

  12  0:00  SCV  
  13  0:12  SCV  
  14  0:17  Supply Depot  
  14  0:24  SCV  
  15  0:38  SCV  
  16  0:50  SCV  
  17  0:58  Command Center  
  17  1:02  SCV  
  18  1:11  Barracks  
  18  1:15  SCV  
  19  1:20  Refinery  
  19  1:27  SCV  
  19  1:28  Refinery  
  20  1:39  SCV  
  21  1:42  Barracks  
  21  1:51  SCV  
  22  1:59  Barracks Reactor  
  22  2:03  Orbital Command  
  22  2:11  Orbital Command  
  22  2:29  SCV, Barracks Tech Lab  
  23  2:33  Factory  
  23  2:36  Marine x2  
  25  2:41  SCV x2  
  27  2:47  Marine  
  28  2:53  Marine, SCV x2  
  28  2:54  Marine  
  28  2:57  Stimpack  
  32  3:03  Supply Depot  
  32  3:05  SCV x2  
  32  3:06  Marine  
  32  3:11  Marine x2  
  37  3:17  Starport  
  37  3:18  SCV  
  38  3:21  Factory Reactor  
  38  3:24  SCV  
  38  3:25  Supply Depot  
  38  3:26  Marine  
  40  3:29  Marine  
  40  3:30  SCV  
  40  3:32  Marine  
  43  3:38  Supply Depot  
  43  3:39  SCV  
  44  3:42  SCV  
  44  3:47  Marine  
  44  3:48  Marine  
  47  3:49  Marine  
  47  3:51  SCV  
  47  3:55  SCV  
  50  4:00  Medivac  
  50  4:01  Medivac  
  50  4:02  Supply Depot  
  54  4:03  Factory Tech Lab, SCV  
  54  4:07  SCV, Refinery  
  54  4:09  Marine x2  
  58  4:10  Marine  
  58  4:15  Engineering Bay  
  58  4:16  SCV  
  60  4:19  SCV  
  60  4:24  Supply Depot  
  61  4:25  Siege Tank  
  64  4:32  SCV x2  
  64  4:33  Marine x2  
  64  4:34  Marine  
  69  4:40  Barracks  
  69  4:42  Terran Infantry Weapons Level 1, Supply Depot  
  69  4:51  Marine x3, SCV x2  
  74  4:57  Siege Tank  
  77  5:06  Supply Depot  
  76  5:09  Marine x3, Combat Shield  
  76  5:12  Supply Depot  
  78  5:27  Marine x3  
  83  5:30  Siege Tank, Starport Reactor  
  83  5:32  Marine x2  
  83  5:34  Supply Depot  
  86  5:44  Marine  
  86  5:45  Marine x2  
  86  5:49  Refinery  
  89  5:50  Marine x2  
  91  6:02  Marine x2  
  91  6:03  Marine  
  91  6:05  Siege Tank  
  91  6:07  Marine  
  91  6:08  Marine  
  96  6:20  Marine x2  
  96  6:21  Marine  
  96  6:25  Marine x2  
  87  6:36  Terran Infantry Armor Level 1  
  87  6:38  Marine x2  
  87  6:39  Marine  
  92  6:41  Siege Tank  
  92  6:43  Marine x2  
  92  6:47  Medivac x2  
  97  6:48  Command Center  
  99  6:56  Marine x2  
  99  6:57  Marine  
  99  7:01  Marine x2  
  104  7:09  SCV  
  104  7:10  SCV  
  104  7:13  Siege Tank  
  104  7:14  Marine  
  110  7:18  Barracks x2, Supply Depot  
  110  7:19  Supply Depot  
  110  7:21  Marine x3  
  110  7:22  Marine  
  109  7:28  SCV x2  
  94  7:31  Marine  
  94  7:34  Medivac x2  
  99  7:39  Marine x4  
  99  7:40  SCV x2  
  105  7:49  Marine  
  106  7:52  SCV x2  
  106  7:56  Marine  
  106  7:57  Marine x3  
  112  8:02  Siege Tank  
  115  8:06  Armory  
  115  8:07  Marine  
  115  8:14  Marine x2, Barracks Reactor x2  
  115  8:15  Marine x2  
  118  8:25  Marine  
  120  8:32  Marine x2  
  120  8:33  Marine x2  
  106  8:36  Engineering Bay  
  106  8:38  Siege Tank  
  107  8:43  Marine  
  107  8:50  Marine x6  
  107  8:51  Marine x2  
  107  8:53  SCV  
  107  8:54  SCV  
  117  8:56  Medivac  
  117  9:00  Marine, Terran Infantry Weapons Level 2  
  120  9:08  Marine x4  
  124  9:12  Marine x3  
  124  9:13  Siege Tank  
  124  9:16  Marine  
  131  9:18  Marine  
  131  9:23  Terran Infantry Armor Level 2  
  132  9:25  Marine  
  132  9:26  Marine  
  133  9:34  SCV x2  
  133  9:37  Orbital Command  
  135  9:45  Marine x5  
  140  9:57  Medivac  
  141  10:00  Medivac  
  141  10:02  Marine x3  
  141  10:03  Marine  
  137  10:12  Orbital Command  
  137  10:13  Widow Mine x2  
  118  10:23  Marine x5, Marauder x2  
  118  10:25  SCV x2  
  118  10:27  Medivac  
  118  10:30  Medivac  
  118  10:33  Marine  
  118  10:35  Widow Mine  
  123  10:37  SCV  
  123  10:40  SCV  
  123  10:42  Marine x2  
  123  10:43  Marine  
  123  10:48  SCV  
  125  10:53  Supply Depot  
  125  10:55  Concussive Shells, Widow Mine  
  125  10:56  Medivac, Widow Mine  
  131  11:02  Marauder x2  
  135  11:05  Supply Depot x2  
  133  11:12  Marine x2  
  133  11:13  Marine x3  
  133  11:14  Marine  
  133  11:16  Widow Mine  
  133  11:17  Widow Mine  
  143  11:25  Supply Depot  
  143  11:28  Marauder x2  
  147  11:38  Marine x2  
  147  11:39  Marine x3  
  133  11:41  Widow Mine x2  
  133  11:42  Marine  
  136  11:49  Marauder x2  
  136  11:52  Medivac x2  
  142  11:54  Barracks  
  142  11:55  Barracks  
  142  11:56  Marine x2  
  142  11:57  Marine, Barracks  
  145  12:02  Widow Mine  
  145  12:03  Widow Mine  
  145  12:08  Terran Infantry Weapons Level 3  
  149  12:15  Marine, Marauder x2  
  145  12:16  Marine  
  145  12:19  Marine x2  
  144  12:30  Marine x2  
  144  12:36  Marauder x2  
  151  12:37  Widow Mine x2  
  153  12:51  Medivac x2, Terran Infantry Armor Level 3  
  153  12:52  Marine  
  153  12:58  Marauder x2  
  155  13:04  Marine x2  
  149  13:10  Marine x2  
  148  13:15  Barracks Tech Lab, Barracks Reactor x2  
  148  13:19  Marauder  
  142  13:30  Command Center  
  142  13:31  Medivac  
  142  13:33  Marine x2  
  143  13:35  Marine x2  
  140  13:42  Widow Mine x2  
  140  13:45  Marauder  
  140  13:46  Marine  
  144  14:01  Marine x2, Marauder x2  
  138  14:03  Marine, Widow Mine x2  
  138  14:06  Marine  
  130  14:16  Marauder  
  130  14:17  Marine  
  121  14:18  Marine  
  121  14:20  Marine  
  121  14:22  Marauder  
  126  14:24  Widow Mine  
  126  14:28  Marine x2  
  126  14:29  Marine  
  126  14:30  Marine x2  
  133  14:32  Marine  
  134  14:41  Marine x2  
  138  14:45  Widow Mine  
  138  14:46  Widow Mine  
  138  14:48  Marauder x2  
  138  14:50  Marine x2  
  142  14:56  Marauder  
  142  14:59  Marine x3  
  147  15:07  Widow Mine x2  
  147  15:09  Marine x2, Marauder x2  
  147  15:11  Marine  
  155  15:19  Marine x4, Marauder  
  149  15:23  Marine x2  
  153  15:28  Widow Mine  
  153  15:29  Widow Mine  
  153  15:30  Planetary Fortress, Marauder, Medivac  
  153  15:35  Marine x2  
  156  15:38  Marauder  
  156  15:40  Marine x2, Marauder  
  160  15:43  Medivac  
  160  15:47  Marine  
  156  15:50  Widow Mine x2  
  156  15:51  Marine x2  
  156  15:52  Marine  
  156  15:53  Marine  
  156  15:55  Marine  
  163  16:00  Medivac  
  163  16:01  Marine x2  
  158  16:06  Marine  
  158  16:07  Marauder  
  158  16:11  Widow Mine x2  
  151  16:12  Marine x3  
  151  16:13  Marine x2  
  151  16:16  Marine  

Tags
 
Add a new tag
Caveats
  • Supply blocks, unpowered buildings, or Contaminate may cause inaccurate times.
  • Supply counts are checked every 10 seconds.